 Dungeon Crawl Stone Soup version 0.25.1-2-g60ff931df9 (webtiles) character file.

Game seed: 12790363481866829513

351 Borneo the Grave Robber (level 6, 0/41 HPs)
             Began as a Vampire Necromancer on Oct 23, 2020.
             Slain by a mummy (7 damage)
             ... in an ossuary.
             The game lasted 00:40:15 (4793 turns).

Borneo the Grave Robber (Vampire Necromancer)       Turns: 4793, Time: 00:40:15

Health: 0/41       AC:  2    Str:  7    XL:     6   Next: 34%
Magic:  11/11      EV: 13    Int: 19    God:
Gold:   268        SH:  0    Dex: 15    Spells: 3/12 levels left

rFire    . . .     SeeInvis +   (no weapon)
rCold    . . .     Gourm    .   (no shield)
rNeg     . . .     Faith    .   a - +0 robe
rPois    .         Spirit   .   (no helmet)
rElec    .         Reflect  .   (no cloak)
rCorr    .         Harm     .   (no gloves)
MR       .....     Clarity  +   (no boots)
Stlth    ++........             (no amulet)
HPRegen  0.33/turn              (no ring)
MPRegen  0.12/turn              (no ring)

@: regenerating quickly
A: no food, fangs 3, see invisible, clarity, mutation resistance 1, unbreathing
a: Exsanguinate


You were in an ossuary.
You were alive.

You visited 1 branch of the dungeon, and saw 4 of its levels.
You also visited: Ossuary.

You collected 268 gold pieces.

Inventory:

Armour
 a - a +0 robe (worn)
 k - a +2 pair of boots
Scrolls
 c - a scroll of teleportation
 d - a scroll of identify
 g - a scroll of noise {unknown}
 h - a scroll of random uselessness {unknown}
Potions
 b - a potion of invisibility {unknown}
 e - a potion of curing {unknown}
 f - a potion of haste
 i - a potion of stabbing {unknown}


   Skills:
 + Level 0.2 Fighting
 + Level 2.9 Dodging
 + Level 3.5 Stealth
 + Level 0.4 Unarmed Combat
 + Level 3.9 Spellcasting
 + Level 6.8 Necromancy


You had 3 spell levels left.
You knew the following spells:

 Your Spells              Type           Power        Failure   Level  Hunger
a - Pain                  Necr           ####         1%          1    N/A
b - Animate Skeleton      Necr           N/A          1%          1    N/A
c - Vampiric Draining     Necr           ####......   2%          3    N/A
d - Animate Dead          Necr           N/A          9%          4    N/A

Your spell library contained the following spells:

 Spells                   Type           Power        Failure   Level  Hunger
 Agony                    Necr           ####....     24%         5    N/A

Dungeon Overview and Level Annotations

Branches:
Dungeon (4/15)            Ossuary (1/1)
 Temple: D:4-7

Altars:
Vehumet


Innate Abilities, Weirdness & Mutations

You do not eat.
Your natural rate of healing is unusually fast.
You have razor-sharp teeth.
You have supernaturally acute eyesight. (SInv)
You can survive without breathing.
You possess an exceptional clarity of mind.
You are somewhat resistant to further mutation.


Message History

There is an open door here.
Found a scroll labeled ALUAN IROL and a potion of mutation.
Really walk onto that alarm trap?
Okay, then.
Casting: Vampiric Draining (dangerous; 2% risk of failure)
Confirm with . or Enter, or press ? or * to list all spells.
Okay, then.
A mummy comes into view.
A mummy comes into view.
The human zombie's inner flame fades away.
Found a potion of degeneration and a potion of lignification.
The human zombie misses you. The human zombie hits you.
The human zombie closely misses you. The goblin zombie barely misses you.
The human zombie hits you. The mummy hits you!
* * * LOW HITPOINT WARNING * * *
The human zombie barely misses you. The mummy hits you!
You die...

#.## ### ??. ####
!!. !.. #!.! !?.
#.# #!.. #.# #.#
##.# #.# ###'###
#.# +M## ##.....##
##.+
#.M###M......###..#
+.@.#.........#...'
#.ZMM....⌠....'...#
+.Z.#.........#...+
#..###.......###..#
+^## ##.....## ##.'
#.# ###'### #.# #^#
#.# ##.# ... ##.##
#!.. ... #.∩.# #!!.


You could see 4 mummies, a goblin zombie and a human zombie.

Vanquished Creatures
  A big kobold (D:4)
  2 orc priests (D:3)
  An iguana (D:4)
  A worker ant (D:4)
  A hound skeleton (D:2)
  Robin (D:3)
  4 adders
  An adder skeleton (D:4)
  2 worms
  5 dart slugs
  3 leopard geckos
  10 orcs (D:3)
  2 ball pythons (D:1)
  10 bats
  4 giant cockroaches
  13 goblins
  9 hobgoblins
  15 kobolds
  4 frilled lizards
  4 rats (D:2)
93 creatures vanquished.

Vanquished Creatures (collateral kills)
  A leopard gecko (D:1)
  A goblin (D:3)
  3 hobgoblins
  2 kobolds
  A bat (D:1)
  A frilled lizard (D:1)
9 creatures vanquished.

Grand Total: 102 creatures vanquished

Notes
Turn   | Place    | Note
-------+----------+-------------------------------------------
     0 | D:1      | Borneo the Vampire Necromancer began the quest for the Orb.
     0 | D:1      | Reached XP level 1. HP: 13/13 MP: 3/3
   132 | D:1      | Learned a level 1 spell: Animate Skeleton
   294 | D:1      | Reached XP level 2. HP: 19/19 MP: 3/5
  1031 | D:1      | Reached XP level 3. HP: 22/24 MP: 2/6
  1391 | D:2      | Gained mutation: You are robust. (+10% HP) [potion of
                  | mutation]
  1391 | D:2      | Gained mutation: You are partially covered in iridescent
                  | scales. (AC +2) [potion of mutation]
  1391 | D:2      | Gained mutation: You are resistant to hostile enchantments.
                  | (MR+) [potion of mutation]
  1392 | D:2      | Lost mutation: You are resistant to hostile enchantments.
                  | (MR+) [potion of mutation]
  1392 | D:2      | Lost mutation: You are robust. (+10% HP) [potion of
                  | mutation]
  1392 | D:2      | Lost mutation: You are partially covered in iridescent
                  | scales. (AC +2) [potion of mutation]
  1392 | D:2      | Gained mutation: You are somewhat resistant to further
                  | mutation. [potion of mutation]
  1392 | D:2      | Gained mutation: You possess an exceptional clarity of
                  | mind. [potion of mutation]
  1585 | D:2      | Learned a level 3 spell: Vampiric Draining
  1592 | D:2      | Reached skill level 5 in Necromancy
  2090 | D:2      | Reached XP level 4. HP: 29/30 MP: 2/8
  2953 | D:3      | Found a radiant altar of Vehumet.
  3280 | D:3      | Noticed Robin
  3361 | D:3      | Killed Robin
  3361 | D:3      | Reached XP level 5. HP: 14/35 MP: 0/9
  3566 | D:3      | Reached skill level 6 in Necromancy
  3581 | D:3      | Learned a level 4 spell: Animate Dead
  4262 | D:4      | Noticed a phantom
  4344 | D:4      | Reached XP level 6. HP: 38/41 MP: 5/11
  4666 | D:4      | Found a sand-covered staircase.
  4678 | Ossuary  | Entered an ossuary
  4793 | Ossuary  | Slain by a mummy

Illustrated notes

Levels and vault maps discovered:
D:1:      dpeg_arrival_castle, layout_basic
D:2:      layout_loops_ring, first_ration
D:3:      layout_basic, old_standard_altar, uniq_robin
D:4:      cheibrodos_thug_alley, layout_cave_pools, kennysheep_mini_moat,
          okawaru_altar_gauntlet_db, fedhas_altar_4, chequers_ossuary_entry_cave
Ossuary:  ossuary_crypta

Skill      XL: |  1  2  3  4  5 |
---------------+----------------+-----
Necromancy     | 5 6 |  6.8
Spellcasting   | 3 |  3.9
Fighting       | |  0.2
Dodging        | |  2.9
Stealth        | |  3.5
Unarmed Combat | |  0.4

Action                   |  1- 3 |  4- 6 || total
-------------------------+-------+-------++-------
Melee: Unarmed           |    87 |    51 ||   138
       Bite              |    11 |     3 ||    14
 Cast: Pain              |    84 |   112 ||   196
       Animate Skeleton  |    11 |    13 ||    24
       Vampiric Draining |     2 |       ||     2
       Animate Dead      |       |     2 ||     2
  Use: Potion            |     2 |     1 ||     3
       Scroll            |     1 |     7 ||     8
 Stab: Sleeping          |     2 |       ||     2
Armor: Robe              |    28 |    13 ||    41
       Skin              |       |     2 ||     2
Dodge: Dodged            |   105 |    47 ||   152
